 Dungeon Crawl Stone Soup version 0.27.0-1-g7a089689b8 (webtiles) character file.

Game seed: 7227275335346155099

75 Armakuni the Magician (level 4, -1/32 HPs)
             Began as a Vampire Hedge Wizard on Aug 12, 2021.
             Slain by Natasha (5 damage)
             ... on level 2 of the Dungeon.
             The game lasted 00:07:50 (2205 turns).

Armakuni the Magician (Vampire Hedge Wizard)        Turns: 2205, Time: 00:07:50

Health: -1/32      AC:  3    Str: 10    XL:     4   Next: 11%
Magic:  3/9        EV: 12    Int: 16    God:
Gold:   11         SH:  0    Dex: 13    Spells: 7/10 levels left

rFire    . . .     SeeInvis +   a - +0 dagger
rCold    . . .     Faith    .   (no shield)
rNeg     . . .     Spirit   .   f - +0 robe
rPois    .         Reflect  .   b - +0 helmet
rElec    .         Harm     .   (no cloak)
rCorr    .         Rampage  .   (no gloves)
Will     .....                  (no boots)
Stlth    ++........             (no amulet)
HPRegen  0.30/turn              (no ring)
MPRegen  0.11/turn              (no ring)

@: very slightly contaminated, healing quickly
A: alive, fangs 3, see invisible, vampiric 2
a: Exsanguinate


You were on level 2 of the Dungeon.
You visited 1 branch of the dungeon, and saw 2 of its levels.

You collected 53 gold pieces.
You spent 42 gold pieces at shops.

Inventory:

Hand Weapons
 a - a +0 dagger (weapon)
Missiles
 d - 22 sling bullets
Armour
 b - a +0 helmet (worn)
 c - a +0 hat
 e - a +0 leather armour
 f - a +0 robe (worn)
 h - a +0 scale mail
Scrolls
 g - a scroll of identify
 i - a scroll of enchant armour


   Skills:
 + Level 1.4 Fighting
 + Level 1.8 Short Blades
 - Level 2.1 Dodging
 - Level 3.0 Stealth
 + Level 3.5 Spellcasting
 + Level 1.5 Conjurations
 - Level 1.0 Summonings
 - Level 0.7 Translocations


You had 7 spell levels left.
You knew the following spells:

 Your Spells              Type           Power      Damage    Failure   Level
a - Magic Dart            Conj           28%        1d4       10%         1
s - Slow                  Hex            2%         N/A       26%         2

Your spell library contained the following spells:

 Spells                   Type           Power      Damage    Failure   Level
 Call Imp                 Summ           6%         N/A       19%         2
 Blink                    Tloc           N/A        N/A       21%         2
 Conjure Flame            Conj/Fire      5%         6-21      36%         3
 Mephitic Cloud           Conj/Pois/Air  4%         N/A       41%         3


Dungeon Overview and Level Annotations

Branches:
Dungeon (2/15)

Altars:

Shops:
D:2 !

Annotations:
D:2 Natasha


Innate Abilities, Weirdness & Mutations

Your natural rate of healing is accelerated.
You have razor-sharp teeth.
You have supernaturally acute eyesight. (SInv)
You are afflicted with vampirism and can become a bat while bloodless.


Message History

Natasha is lightly wounded.
Natasha closely misses you.
Aiming: Magic Dart (safe; 10% risk of failure)
Press: ? - help, Q - select action Shift-Dir - straight line, f/p - Natasha
Aim: Natasha (purple smoke, lightly wounded, fast, 100% to hit)
The magic dart hits Natasha.
Natasha is moderately wounded.
Natasha closely misses you. Natasha barely misses you.
Aiming: Magic Dart (safe; 10% risk of failure)
Press: ? - help, Q - select action Shift-Dir - straight line, f/p - Natasha
Aim: Natasha (purple smoke, moderately wounded, fast, 100% to hit)
The magic dart hits Natasha but does no damage.
Natasha is moderately wounded.
Natasha claws you.
Aiming: Magic Dart (safe; 10% risk of failure)
Press: ? - help, Q - select action Shift-Dir - straight line, f/p - Natasha
Aim: Natasha (purple smoke, moderately wounded, fast, 100% to hit)
You miscast Magic Dart.
You are very lightly contaminated with residual magic.
Nothing appears to happen.
Natasha casts a spell at you. The magic dart hits you!
An endoplasm comes into view.
Natasha casts a spell at you. The magic dart hits you!
* * * LOW HITPOINT WARNING * * *
Aiming: Magic Dart (safe; 10% risk of failure)
Press: ? - help, Q - select action Shift-Dir - straight line, f/p - Natasha
Aim: Natasha (purple smoke, moderately wounded, fast, 100% to hit)
The magic dart hits Natasha.
Natasha is heavily wounded.
The endoplasm quivers.
Natasha barely misses you.
Aiming: Magic Dart (safe; 10% risk of failure)
Press: ? - help, Q - select action Shift-Dir - straight line, f/p - Natasha
Aim: Natasha (heavily wounded, fast, 100% to hit)
The magic dart hits Natasha but does no damage.
Natasha is heavily wounded.
Natasha claws you.
You die...

#..# #.(# #..#
#..########
#.........#
#.#######.### #.#
#§......
#.###§###.#
#..)§§@hgJ#####..
#####§##§§§......
#§#§#§§§#.....
#.###h§§.......
#.# #§§........
## ##.........
#..≈≈.....
#.≈..≈....
≈≈≈..≈..≈≈


You could see Natasha (fast), an endoplasm and a goblin.

Vanquished Creatures
  Robin (D:1)
  An adder (D:1)
  A dart slug (D:1)
  4 endoplasms
  5 giant cockroaches
  6 goblins
  5 hobgoblins
  4 jackals (D:1)
  3 kobolds (D:1)
  3 quokkas (D:1)
  6 ball pythons
  3 bats (D:1)
  A frilled lizard (D:1)
  2 rats (D:1)
45 creatures vanquished.

Notes
Turn   | Place    | Note
-------+----------+-------------------------------------------
     0 | D:1      | Armakuni the Vampire Hedge Wizard began the quest for the
                  | Orb.
     0 | D:1      | Reached XP level 1. HP: 13/13 MP: 4/4
   283 | D:1      | Reached XP level 2. HP: 16/20 MP: 1/6
   362 | D:1      | Learned a level 2 spell: Slow
   373 | D:1      | Reached skill level 1 in Conjurations
   755 | D:1      | Reached skill level 1 in Short Blades
   874 | D:1      | Reached skill level 1 in Fighting
  1038 | D:1      | Gained mutation: You are afflicted with vampirism and can
                  | become a bat while bloodless. [Vampire growth]
  1038 | D:1      | Reached XP level 3. HP: 17/26 MP: 3/7
  1362 | D:2      | Found Nosmen's Distillery.
  1365 | D:2      | Bought a potion of curing for 42 gold pieces
  1376 | D:2      | Noticed Robin
  1703 | D:1      | Killed Robin
  1877 | D:2      | Reached XP level 4. HP: 32/32 MP: 5/9
  2190 | D:2      | Noticed Natasha
  2205 | D:2      | Slain by Natasha

Illustrated notes

Levels and vault maps discovered:
D:1:      wander_arrival_estate, layout_loops_ring
D:2:      cheibrodos_helix_gallery, layout_loops_ring, serial_shops, shop,
          minmay_mini_jars, uniq_natasha, uniq_robin

Skill      XL: |  1  2 |
---------------+-------+-----
Conjurations   | 1 |  1.5
Short Blades   | 1 |  1.8
Fighting       | 1 |  1.4
Dodging        | |  2.1
Stealth        | |  3.0
Spellcasting   | |  3.5
Summonings     | |  1.0
Translocations | |  0.7

Action                   |  1- 3 |  4- 6 || total
-------------------------+-------+-------++-------
Melee: Dagger            |    84 |     4 ||    88
       Bite              |     7 |       ||     7
 Cast: Magic Dart        |   104 |    25 ||   129
  Use: Potion            |     2 |       ||     2
       Scroll            |       |     2 ||     2
 Stab: Sleeping          |     1 |       ||     1
Armor: Robe              |    20 |     1 ||    21
Dodge: Dodged            |    82 |     8 ||    90
